 Dungeon Crawl Stone Soup version 0.31.0-4-g52a2dc7128 (webtiles) character file.

Game seed: 15385227126920261474

19227 juan097 the Cleaver (level 12, -3/103 HPs)
             Began as a Hill Orc Fighter on Jan 22, 2024.
             Was a High Priest of Okawaru.
             Slain by a warg (16 damage)
             ... led by an orc warlord
             ... on level 1 of the Orcish Mines.
             The game lasted 00:45:00 (15429 turns).

juan097 the Cleaver (Hill Orc Fighter)             Turns: 15429, Time: 00:45:01

Health: -3/103     AC: 14    Str: 30    XL:     12   Next: 66%
Magic:  19/19      EV:  9    Int: 11    God:    Okawaru [*****.]
Gold:   3576       SH: 15    Dex: 10    Spells: 11/11 levels left

rFire   + . .        a - +0 war axe
rCold   . . .        O - +0 kite shield
rNeg    . . .        c - +2 chain mail {rPois}
rPois   +            y - +0 helmet {Int+3}
rElec   .            (no cloak)
rCorr   .            (no gloves)
SInv    .            (no boots)
Will    .....        p - amulet of reflection Stlth
                     f - +6 ring of strength
HPRegen 0.37/turn    j - ring of protection from fire
MPRegen 0.16/turn

%: reflection
@: no status effects
A: no striking features
a: Renounce Religion, Heroism, Finesse, Duel


You were on level 1 of the Orcish Mines.
You worshipped Okawaru.
Okawaru was extremely pleased with you.
You visited 3 branches of the dungeon, and saw 12 of its levels.
You also visited: Ossuary.

You collected 3576 gold pieces.

Inventory:

Hand Weapons
 a - a +0 war axe (weapon)
 b - a +0 sling
 q - a +2 whip of venom
Missiles
 m - 22 poisoned darts
 N - 2 throwing nets
 P - 12 boomerangs (quivered)
Armour
 c - a +2 chain mail of poison resistance (worn)
 y - a +0 helmet of intelligence (worn)
 O - a +0 kite shield (worn)
Jewellery
 f - a +6 ring of strength (left hand)
 j - a ring of protection from fire (right hand)
 p - an amulet of reflection (around neck)
 B - a ring of resist corrosion
Wands
 x - a wand of paralysis (14)
 K - a wand of mindburst (1)
 M - a wand of flame (6)
Scrolls
 i - a scroll of noise
 l - a scroll of revelation
 o - 2 scrolls of teleportation
 r - 2 scrolls of immolation
 t - a scroll of poison
 u - a scroll of summoning
 C - a scroll of blinking {unknown}
 D - a scroll of torment {unknown}
 G - a scroll of fog {unknown}
Potions
 d - 2 potions of might
 e - 2 potions of invisibility {unknown}
 g - 4 potions of enlightenment {unknown}
 k - 4 potions of brilliance {unknown}
 n - 3 potions of mutation {unknown}
 v - a potion of attraction {unknown}
 z - 3 potions of ambrosia {unknown}
 A - a potion of lignification {unknown}
 E - a potion of degeneration {unknown}
 F - a potion of cancellation {unknown}
 H - a potion of haste {unknown}
 I - 2 potions of heal wounds {unknown}
 L - a potion of berserk rage {unknown}


   Skills:
 + Level 8.3 Fighting
 + Level 12.2 Axes
 - Level 5.0 Throwing
 - Level 8.0 Armour
 - Level 4.0 Dodging
 - Level 5.0 Stealth
 + Level 8.3 Shields
 + Level 10.3 Invocations
 - Level 8.0 Evocations


You had 11 spell levels left.
You didn't know any spells.
Your spell library contained the following spells:

 Spells                   Type           Power      Damage    Failure   Level
 Apportation              Tloc           0%         N/A       91%         1
 Necrotise                Necr           0%         1d4       91%         1
 Shock                    Conj/Air       0%         1d3       91%         1
 Slow                     Hex            0%         N/A       91%         1
 Sting                    Conj/Alch      0%         1d3       91%         1
 Confusing Touch          Hex            0%         N/A       99%         3
 Sigil of Binding         Hex            0%         N/A       99%         3
 Swiftness                Air            0%         N/A       99%         3
 Vampiric Draining        Necr           0%         2d6       99%         3
 Airstrike                Air            0%         2d(0-16)  100%        4
 Summon Small Mammal      Summ           Unusable   N/A       N/A         1
 Call Canine Familiar     Summ           Unusable   N/A       N/A         3
 Summon Blazeheart Golem  Fire/Summ      Unusable   N/A       N/A         4

Dungeon Overview and Level Annotations

Branches:
Dungeon (9/15)             Temple (1/1) D:6            Lair (0/5) D:9
    Orc (2/2) D:9             Elf (0/3) Orc:2       Ossuary (visited)

Altars:
Ashenzari
Cheibriados
Dithmenos
Elyvilon
Fedhas
Gozag
Hepliaklqana
Kikubaaqudgha
Makhleb
Nemelex Xobeh
Okawaru
Qazlal
Ru
Sif Muna
Trog
Uskayaw
Vehumet
Wu Jian
Xom
Yredelemnul
Zin
The Shining One
Beogh

Shops:
D:7 (   Orc:2 [

Annotations:
D:3 Grinder
D:4 3 runed translucent doors, dialectric's ghost, weakling OpDe
Orc:1 2 transporters, Ciata's ghost, journeyman MiBe


Message History

You slash the warg! The warg bites you!
* * * LOW HITPOINT WARNING * * *
The orc knight is engulfed in poison gas.
The orc knight looks as sick as possible!
You kill the orc knight!
Okawaru accepts your kill.
You hit the warg.
The warg is heavily wounded.
The warg closely misses you.
The orc warrior throws a boomerang.
You block the boomerang with an invisible shield... and reflect it back!
The boomerang closely misses the orc warrior.
You closely miss the warg.
The warg is heavily wounded.
The orc warrior no longer looks unusually strong.
The warg bites you but does no damage. You block the warg's attack.
The orc warrior throws a boomerang.
The boomerang hits you but does no damage.
The orc warrior shoots a bolt.
You block the bolt with an invisible shield... and reflect it back!
The bolt misses the orc warrior.
You miss the warg.
The warg is heavily wounded.
The warg closely misses you.
The orc warrior shoots a bolt.
You block the bolt with an invisible shield... and reflect it back!
The bolt barely misses the orc warrior.
You hear a shout!
The orc warrior no longer looks unusually strong.
You block the warg's attack. x2
There is a stone staircase leading up, spattered with blood here.
The warg bites you but does no damage. The warg bites you.
* * * LOW HITPOINT WARNING * * *
You climb upwards.
Level annotation: 2 transporters, Ciata's ghost, journeyman MiBe
There is a stone staircase leading down here.
You barely miss the warg.
The warg is heavily wounded.
The warg bites you!
* * * LOW HITPOINT WARNING * * *
You feel better. The warg bites you!
You die...

......................##.......©#
.........#..............#.##....#
..........#..............#.##...#
#...............#.^.........##..#
...##.#...##.............#.###..#
#.####...##................###...
### ##.####.........#......##...
####.##.#.[[[..##.....###..
##.......)@.....##...## ###
#.........h..#.##.#.##
##.....#....#........#
###.#####.###.##.#.##
##.###.#.########## #...#.....#
##..##..#.## #...#...###
##.###.##


You could see a warg.

Vanquished Creatures
  2 orc warlords (Orc:2)
  An ettin (Orc:2)
  A two-headed ogre (Orc:1)
  4 orc knights (Orc:2)
  7 orc sorcerers
  2 cyclopes (Orc:2)
  A kobold blastminer (Orc:2)
  Joseph (D:7)
  14 saltlings (Orc:2)
  Sigmund (D:2)
  8 yaks (D:9)
  2 wyverns
  2 wargs
  3 steam dragons
  An acid dragon (D:8)
  2 ice beasts (D:7)
  2 black bears
  11 orc warriors
  2 sky beasts
  5 ogres
  3 centaurs
  A phantom (D:7)
  4 kobold brigands
  3 bullfrogs
  A gnoll sergeant (D:9)
  A scorpion (D:6)
  7 wights
  14 killer bees
  2 bombardier beetles
  A howler monkey (D:4)
  A crimson imp (D:8)
  4 hounds
  8 orc priests
  2 sleepcaps
  Jessica (D:2)
  6 iguanas
  18 orc wizards
  8 mummies (Ossuary)
  11 gnolls
  3 adders
  3 ribbon worms
  4 dart slugs
  64 orcs
  14 ball pythons
  5 endoplasms
  3 giant cockroaches
  5 goblins (D:1)
  10 hobgoblins
  9 jackals
  20 kobolds
  3 quokkas
  6 bats
  A hobgoblin zombie (Ossuary)
  3 kobold zombies (Ossuary)
  4 orc zombies (Ossuary)
  8 rats
  A rat zombie (D:6)
334 creatures vanquished.

Vanquished Creatures (others)
  A steam dragon (D:6)
1 creature vanquished.

Grand Total: 335 creatures vanquished

Notes
Turn   | Place    | Note
-------+----------+-------------------------------------------
     0 | D:1      | juan097 the Hill Orc Fighter began the quest for the Orb.
     0 | D:1      | Reached XP level 1. HP: 19/19 MP: 1/1
    83 | D:1      | Reached skill level 3 in Axes
    83 | D:1      | Reached XP level 2. HP: 20/27 MP: 2/2
   400 | D:1      | Reached XP level 3. HP: 32/33 MP: 3/3
   801 | D:2      | Noticed Sigmund
  1110 | D:2      | Reached skill level 4 in Axes
  1152 | D:2      | Reached XP level 4. HP: 38/40 MP: 4/4
  1270 | D:2      | Killed Sigmund
  1271 | D:2      | Reached skill level 5 in Axes
  1271 | D:2      | Reached skill level 5 in Shields
  1271 | D:2      | Reached XP level 5. HP: 22/46 MP: 5/5
  1271 | D:2      | Reached XP level 6. HP: 25/52 MP: 6/6
  1402 | D:2      | Noticed Jessica
  1413 | D:2      | Killed Jessica
  1414 | D:2      | Reached skill level 6 in Axes
  1872 | D:3      | Noticed Grinder
  1923 | D:3      | Identified the +7 quarterstaff "Ajiagrol" {freeze, *Rage
                  | rN+ Will++}
  2830 | D:4      | Found a runed translucent gate.
  2831 | D:4      | Found a runed translucent gate.
  2832 | D:4      | Found a runed translucent gate.
  2836 | D:4      | Noticed dialectric's ghost (weakling OpDe)
  3381 | D:4      | Reached skill level 1 in Throwing
  3381 | D:4      | Reached skill level 1 in Stealth
  3504 | D:5      | Entered Level 5 of the Dungeon
  3518 | D:5      | Reached XP level 7. HP: 59/59 MP: 7/7
  3742 | D:5      | Reached skill level 7 in Axes
  4262 | D:6      | Found a sand-covered staircase.
  4270 | Ossuary  | Entered an ossuary
  4313 | Ossuary  | Reached XP level 8. HP: 59/66 MP: 8/8
  4449 | Ossuary  | Reached skill level 8 in Axes
  4568 | Ossuary  | Identified a scroll of acquirement
  4572 | Ossuary  | Acquired 1073 gold pieces
  4889 | D:6      | Reached skill level 1 in Dodging
  4949 | D:6      | Found a staircase to the Ecumenical Temple.
  4968 | Temple   | Entered the Ecumenical Temple
  5000 | Temple   | Became a worshipper of Warmaster Okawaru
  5082 | D:6      | Reached skill level 5 in Fighting
  5082 | D:6      | Reached XP level 9. HP: 55/74 MP: 9/9
  5757 | D:7      | Reached skill level 9 in Axes
  5858 | D:7      | Noticed Joseph
  5858 | D:7      | Paralysed by Joseph for 4 turns
  5871 | D:7      | Paralysed by Joseph for 4 turns
  5876 | D:7      | HP: 2/74 [+1 spectral quarterstaff[Joseph] (10)]
  6159 | D:7      | Reached * piety under Okawaru
  6423 | D:7      | Reached skill level 1 in Evocations
  6475 | D:7      | Killed Joseph
  6476 | D:7      | Reached skill level 5 in Armour
  6713 | D:7      | Reached ** piety under Okawaru
  6983 | D:7      | Reached skill level 5 in Throwing
  7142 | D:7      | Reached skill level 10 in Axes
  7142 | D:7      | Reached skill level 5 in Stealth
  7169 | D:7      | Found Eniat's Antique Weapon Emporium.
  7322 | D:7      | Reached XP level 10. HP: 65/83 MP: 10/10
  7969 | D:7      | Reached skill level 5 in Evocations
  8102 | D:8      | Found a burning altar of Makhleb.
  8604 | D:8      | Reached skill level 1 in Invocations
  8708 | D:8      | Reached *** piety under Okawaru
  9852 | D:9      | Reached skill level 11 in Axes
 10039 | D:9      | Acquired 1292 gold pieces
 10131 | D:9      | Found a staircase to the Orcish Mines.
 10300 | D:9      | Reached skill level 5 in Invocations
 10366 | D:9      | Found a staircase to the Lair.
 10525 | D:9      | Reached **** piety under Okawaru
 10924 | Orc:1    | Entered Level 1 of the Orcish Mines
 10962 | Orc:1    | Found a roughly hewn altar of Beogh.
 11025 | Orc:1    | Reached XP level 11. HP: 94/94 MP: 13/15
 11074 | Orc:1    | Noticed Ciata's ghost (journeyman MiBe)
 11088 | Orc:1    | Found a transporter.
 11100 | Orc:1    | Noticed an orc sorcerer
 11129 | Orc:1    | Paralysed by an orc sorcerer for 5 turns
 11338 | D:9      | Killed an orc sorcerer
 11620 | Orc:1    | Found a transporter.
 11903 | Orc:2    | Entered Level 2 of the Orcish Mines
 11903 | Orc:2    | Found a staircase to the Elven Halls.
 12033 | Orc:2    | Noticed a two-headed ogre
 12239 | Orc:2    | Noticed an ettin
 12244 | Orc:1    | Killed a two-headed ogre
 12244 | Orc:1    | Reached ***** piety under Okawaru
 12252 | Orc:2    | Killed an ettin
 12253 | Orc:2    | Reached skill level 12 in Axes
 12356 | Orc:2    | Noticed an orc knight
 12357 | Orc:2    | Noticed an orc sorcerer
 12379 | Orc:2    | Noticed a soul eater
 12379 | Orc:2    | Killed an orc knight
 12543 | Orc:1    | Noticed an orc warlord
 12758 | Orc:2    | Found a roughly hewn altar of Beogh.
 12795 | Orc:2    | Noticed an orc warlord
 12828 | Orc:2    | Killed an orc warlord
 12828 | Orc:2    | Received a gift from Okawaru
 13004 | Orc:2    | Noticed an orc knight
 13033 | Orc:2    | Killed an orc knight
 13234 | Orc:2    | Noticed an orc knight
 13244 | Orc:2    | Killed an orc knight
 13461 | Orc:2    | Killed an orc sorcerer
 13797 | Orc:2    | Reached XP level 12. HP: 53/101 MP: 18/18
 14276 | Orc:2    | Received a gift from Okawaru
 14685 | Orc:2    | Noticed a two-headed ogre
 14710 | Orc:2    | Paralysed by an orc sorcerer for 5 turns
 15111 | Orc:2    | Reached skill level 10 in Invocations
 15320 | Orc:2    | Found Dit Gyuz's Antique Armour Shoppe.
 15320 | Orc:2    | Noticed an ettin
 15320 | Orc:2    | Noticed an orc warlord
 15418 | Orc:2    | Killed an orc warlord
 15428 | Orc:1    | HP: 4/103 [warg[an orc warlord] (15)]
 15429 | Orc:1    | Slain by a warg

Illustrated notes

Levels and vault maps discovered:
D:1:      noname_arrival_rooms_in_the_neighbourhood, layout_loops_ring
D:2:      layout_loops_corners, chequers_serial_rivers_marsh, uniq_sigmund,
          uniq_jessica
D:3:      layout_basic, uniq_grinder
D:4:      layout_basic, gammafunk_ghost_necromancy
D:5:      layout_basic, solitary_fountain
D:6:      cheibrodos_steamvent, layout_loops_corners, temple_fountains,
          enter_ossuary_3
D:7:      layout_basic, serial_shops, shop, eino_curves_03, kennysheep_path_1,
          dk_vineyard_3, wad_rectangle_vault, uniq_joseph
D:8:      layout_gridville, makhleb_grotto_becter
D:9:      layout_basic, lair_entry_dummy, david_orc_2
Temple:   mainiacjoe_temple_trianglar_array
Orc:1:    layout_caves, basic_altar, gammafunk_ghost_arena,
          nicolae_orc_bridge_out
Orc:2:    hellmonk_orc_salted, layout_diamond_mine, basic_altar

Skill      XL: |  1  2  3  4  5  6  7  8  9 10 11 12 |
---------------+-------------------------------------+-----
Axes           | 3 4 5 6 7 8 10 11 12 | 12.2
Fighting       | 4 5 6 7 8 |  8.3
Shields        | 4 5 6 8 |  8.3
Throwing       | 1 2 3 5 |  5.0
Stealth        | 1 2 3 5 |  5.0
Dodging        | 1 2 4 |  4.0
Armour         | 4 5 7 8 |  8.0
Evocations     | 3 6 8 |  8.0
Invocations    | 5 8 10 | 10.3

Action                     |  1- 3 |  4- 6 |  7- 9 | 10-12 || total
---------------------------+-------+-------+-------+-------++-------
  Melee: War axe           |    96 |   137 |   360 |   526 ||  1119
         Whip              |       |       |       |    86 ||    86
   Fire: Sling             |       |       |       |    33 ||    33
  Throw: Dart              |       |       |    15 |    64 ||    79
         Boomerang         |       |       |       |    79 ||    79
 Invoke: Heroism           |       |       |     1 |     4 ||     5
  Evoke: Wand              |       |       |       |    13 ||    13
    Use: Scroll            |       |       |    10 |     3 ||    13
         Potion            |       |       |     1 |     6 ||     7
   Stab: Held in net/web   |       |       |       |     1 ||     1
         Paralysed         |       |       |       |     7 ||     7
 Armour: Scale mail        |    69 |    75 |   202 |   219 ||   565
         Chain mail        |       |       |       |   167 ||   167
  Dodge: Dodged            |    41 |    54 |    94 |   176 ||   365
  Block: Buckler           |    23 |    68 |   151 |   146 ||   388
         Reflection        |       |     1 |     7 |    27 ||    35
         Kite shield       |       |       |       |   236 ||   236
